 Dungeon Crawl Stone Soup version 0.30-a0-718-geaa24f58ff (webtiles) character file.

Game seed: 13501514314895289252

324 hikkokomori the Trooper (level 6, 0/33 HPs)
             Began as a Vine Stalker Fighter on Jan 26, 2023.
             Slain by Pikel
             ... wielding a +2 whip of electrocution
              (6 damage)
             ... on level 4 of the Dungeon.
             The game lasted 00:03:42 (2262 turns).

hikkokomori the Trooper (Vine Stalker Fighter)      Turns: 2262, Time: 00:03:43

Health: 0/33       AC:  9    Str: 19    XL:     6   Next: 48%
Magic:  0/7        EV: 10    Int:  8    God:
Gold:   49         SH:  5    Dex: 15    Spells: 5/5 levels left

rFire   . . .      SeeInvis .    a - +0 flail
rCold   . . .      Faith    .    c - +0 buckler
rNeg    . . .      Spirit   +    v - +3 leather armour {rPois}
rPois   +          Reflect  .    s - +2 hat
rElec   .          Harm     .    (no cloak)
rCorr   .          Rampage  .    (no gloves)
Will    .....                    h - +0 pair of boots
Stlth   +                        (no amulet)
HPRegen 1.05/turn                (no ring)
MPRegen 0.10/turn                (no ring)

@: mighty
A: fangs 2, regeneration 1, magic shield, antimagic bite, no potion heal 2
a: no special abilities


You were on level 4 of the Dungeon.
You visited 1 branch of the dungeon, and saw 4 of its levels.
You also visited: Sewer.

You collected 139 gold pieces.
You spent 90 gold pieces at shops.

Inventory:

Hand Weapons
 a - a +0 flail (weapon)
Armour
 b - a +0 scale mail
 c - a +0 buckler (worn)
 g - a +0 helmet
 h - a +0 pair of boots (worn)
 s - a +2 hat (worn)
 v - a +3 leather armour of poison resistance (worn)
Jewellery
 n - a +6 ring of strength
 y - a ring of poison resistance
Scrolls
 i - 3 scrolls of identify
 o - a scroll of blinking
 p - a scroll of enchant weapon {unknown}
 q - a scroll of noise {unknown}
 t - a scroll of enchant armour {unknown}
 u - a scroll of immolation {unknown}
 w - a scroll of magic mapping {unknown}
 x - 2 scrolls of fog {unknown}
 z - a scroll of poison {unknown}
Potions
 d - 2 potions of might
 e - 2 potions of ambrosia {unknown}
 f - 2 potions of degeneration
 j - 3 potions of attraction {unknown}
 k - 2 potions of haste {unknown}
 l - 3 potions of magic {unknown}
 m - a potion of heal wounds {unknown}
 r - a potion of brilliance {unknown}
 A - a potion of invisibility {unknown}


   Skills:
 + Level 4.3 Fighting
 + Level 3.7 Maces & Flails
 - Level 2.4 Armour
 + Level 4.2 Shields


You had 5 spell levels left.
You didn't know any spells.
Your spell library was empty.

Dungeon Overview and Level Annotations

Branches:
Dungeon (4/15)              Sewer (visited)
 Temple: D:4-7

Altars:

Shops:
D:3 [

Annotations:
D:4 Pikel


Innate Abilities, Weirdness & Mutations

You have extremely sharp teeth.
Your natural rate of healing is unusually fast.
When hurt, damage is shared between your health and your magic reserves.
Your bite disrupts and absorbs the magic of your enemies.
Potions cannot restore your health.


Message History

The ball python hisses angrily.
You block the ball python's attack. The ball python closely misses you.
You barely miss the ball python. You bite the ball python.
You kill the ball python!
No target in view!
No target in view!
No target in view!
No target in view!
No target in view!
No target in view!
No target in view!
No target in view!
No target in view!
z - a scroll labelled ROLEUQYGI
A - a green potion You enter the shallow water.
Moving in this stuff is going to be slow.
Found a robe.
You now have 49 gold pieces (gained 11).
Pikel and a lemure come into view.
Pikel is wielding a +2 whip of electrocution.
Pikel shouts!
The lemure shouts!
A lemure comes into view.
There are monsters nearby!
There are monsters nearby!
There are monsters nearby!
A lemure comes into view. x2
The lemure moves out of view.
The lemure shouts! x2
Pikel closely misses you.
You closely miss Pikel. You bite Pikel, but do no damage.
Pikel hits you with a +2 whip of electrocution!
You are electrocuted!
Pikel misses you.
You closely miss Pikel. You bite Pikel, but do no damage.
Pikel hits you with a +2 whip of electrocution.
You are electrocuted!
* * * LOW HITPOINT WARNING * * *
You feel very mighty all of a sudden.
Pikel hits you with a +2 whip of electrocution!
You die...

###...#..##...............≈#...#
..#..
#.....###.....<##...~..###.
..###..........###.###..~≈#.....
....
#....................~~..... ##
.###..................≈..... ...
.. ..........#######..≈[....
..### .....#..#..#####....##....
.. #..# #............#### ....
###...# .....##@######## ##
#...........# #K# ........###
#55 .........# 55.# .......#..
.... ~..~....#### ...#..
≈~~≈≈~≈≈≈≈≈# ...##. ≈~.~~~≈≈≈#
....# .# ........####..


You could see Pikel and 4 lemures.

Vanquished Creatures
  A necrophage (D:3)
  3 jellies (Sewer)
  Jessica (D:2)
  4 adders
  An ufetubus (D:4)
  A worm (D:3)
  2 dart slugs
  4 orcs (D:3)
  6 bats
  14 endoplasms
  9 giant cockroaches
  10 goblins
  5 hobgoblins
  2 quokkas
  16 ball pythons
  5 frilled lizards
  3 kobolds (D:1)
  7 rats
94 creatures vanquished.

Notes
Turn   | Place    | Note
-------+----------+-------------------------------------------
     0 | D:1      | hikkokomori the Vine Stalker Fighter began the quest for
                  | the Orb.
     0 | D:1      | Reached XP level 1. HP: 11/11 MP: 2/2
   118 | D:1      | Reached XP level 2. HP: 16/16 MP: 3/3
   332 | D:1      | Reached XP level 3. HP: 20/20 MP: 4/4
   564 | D:2      | Noticed Jessica
   571 | D:2      | Killed Jessica
   572 | D:2      | Gained mutation: Your natural rate of healing is unusually
                  | fast. [Vine Stalker growth]
   572 | D:2      | Reached XP level 4. HP: 16/24 MP: 3/5
  1041 | D:3      | Noticed a necrophage
  1051 | D:3      | Killed a necrophage
  1052 | D:3      | Reached XP level 5. HP: 29/29 MP: 4/6
  1057 | D:3      | Found a glowing drain.
  1073 | Sewer    | Entered a sewer
  1226 | Sewer    | Found a viscous altar of Jiyva.
  1230 | Sewer    | Reached XP level 6. HP: 33/33 MP: 7/7
  1580 | D:3      | Found a faded altar of an unknown god.
  1947 | D:3      | Found Seawaschu's Antique Armour Boutique.
  1950 | D:3      | Bought a runed leather armour for 90 gold pieces
  2255 | D:4      | Noticed Pikel
  2262 | D:4      | Slain by Pikel

Illustrated notes

Levels and vault maps discovered:
D:1:      tarquinn_simple_flora_water_a, layout_loops_cross
D:2:      layout_rooms, minmay_box_of_dots, uniq_jessica
D:3:      layout_basic, shapermc_ecumenical_altar_hornbeckon,
          cheibrodos_sewer_entry_sluice, serial_shops, shop_statue
D:4:      layout_rooms, serial_rivers, chequers_serial_rivers_large_a,
          chequers_serial_rivers_small_a, chequers_serial_rivers_small_3,
          chequers_serial_rivers_room_a, chequers_serial_rivers_micro_b,
          nicolae_titane, uniq_pikel

Skill      XL: |  1  2  3  4  5 |
---------------+----------------+-----
Maces & Flails | 2 3 |  3.7
Fighting       | 3 4 |  4.3
Shields        | 3 4 |  4.2
Armour         | |  2.4

Action                     |  1- 3 |  4- 6 || total
---------------------------+-------+-------++-------
  Melee: Flail             |    50 |   182 ||   232
         Bite              |    11 |    51 ||    62
    Use: Scroll            |       |     3 ||     3
         Potion            |       |     1 ||     1
 Armour: Scale mail        |    12 |   115 ||   127
         Leather armour    |       |    10 ||    10
  Dodge: Dodged            |    17 |   117 ||   134
  Block: Buckler           |    10 |    51 ||    61

Table legend: (Time is in decaauts)
 A = Elapsed time spent in this place.
 B = Non-inter-level travel time spent in this place.
 C = Inter-level travel time spent in this place.
 D = Time resting spent in this place.
 E = Time spent auto-exploring this place.
 F = Levels seen in this place.
 G = Mean time per level.
                   A        B        C        D        E       F      G
               +--------+--------+--------+--------+--------+-----+--------+
         Total |   2363 |   2301 |     62 |      0 |   1680 |   5 |  472.6 |
       Dungeon |   2018 |   1956 |     62 |      0 |   1495 |   4 |  504.5 |
         Sewer |    345 |    345 |      0 |      0 |    185 |   1 |  345.0 |
               +--------+--------+--------+--------+--------+-----+--------+

Top non-repeatable levels by time:
     D:3: 811 daAuts
     D:1: 573 daAuts
     D:2: 487 daAuts
   Sewer: 345 daAuts
     D:4: 145 daAuts
